 Dungeon Crawl Stone Soup version 0.29.1-1-gd02db6906a (webtiles) character file.

Game seed: 8682330905185410756

10 Ashen the Chiller (level 2, 17/20 HPs)
             Began as a Demonspawn Ice Elementalist on Sept 30, 2022.
             Got out of the dungeon alive.
             The game lasted 00:01:04 (398 turns).

Ashen the Chiller (Demonspawn Ice Elementalist)      Turns: 398, Time: 00:01:05

Health: 17/20      AC:  2    Str:  8    XL:     2   Next: 10%
Magic:  5/5        EV: 12    Int: 16    God:
Gold:   17         SH:  0    Dex: 13    Spells: 4/5 levels left

rFire   . . .      SeeInvis .   d - +0 short sword
rCold   . . .      Faith    .   (no shield)
rNeg    . . .      Spirit   .   a - +0 robe
rPois   .          Reflect  .   (no helmet)
rElec   .          Harm     .   (no cloak)
rCorr   .          Rampage  .   (no gloves)
Will    .....                   (no boots)
Stlth   ++........              (no amulet)
HPRegen 0.06/turn               (no ring)
MPRegen 0.09/turn               (no ring)

@: no status effects
A: hooves 1
a: no special abilities


You escaped.
You visited 1 branch of the dungeon, and saw 1 of its levels.

You collected 17 gold pieces.

Inventory:

Hand Weapons
 d - a +0 short sword (weapon)
Armour
 a - a +0 robe (worn)
Jewellery
 f - an amulet of guardian spirit
 g - a +6 ring of strength
Scrolls
 c - a scroll of identify {unknown}
 e - a scroll of immolation {unknown}
Potions
 b - a potion of magic


   Skills:
 + Level 0.4 Fighting
 + Level 1.9 Dodging
 + Level 1.9 Stealth
 * Level 2.1 Spellcasting
 * Level 3.7 Ice Magic


You had 4 spell levels left.
You knew the following spells:

 Your Spells              Type           Power      Damage    Failure   Level
a - Freeze                Ice            52%        1d7       4%          1

Your spell library contained the following spells:

 Spells                   Type           Power      Damage    Failure   Level
 Frozen Ramparts          Ice            26%        1d4       13%         3
 Ozocubu's Armour         Ice            13%        N/A       13%         3
 Hailstorm                Conj/Ice       7%         3d4       67%         4


Dungeon Overview and Level Annotations

Branches:
Dungeon (1/15)

Altars:


Innate Abilities, Weirdness & Mutations

You have large cloven feet.


Message History

You hit the rat.
The rat is severely wounded.
The rat misses you. x2
You barely miss the rat.
The rat is severely wounded.
The rat twitches its whiskers.
The rat barely misses you.
A rat is nearby!
You hit the rat.
You kill the rat!
There is an open door here.
Found 4 stones.
Found a chain mail.
No target in view!
No target in view!
A dart slug comes into view.
Found a stone staircase leading down.
The dart slug launches a dart at you. The slug dart hits you.
You hit the dart slug.
The dart slug is heavily wounded.
The dart slug misses you.
Casting: Freeze (safe; 4% risk of failure)
Confirm with . or Enter, or press ? or * to list all spells.
Aiming: Freeze (safe; 4% risk of failure)
Press: ? - help, Shift-Dir - straight line, f - dart slug
Aim: a dart slug (heavily wounded)
You freeze the dart slug!
You kill the dart slug!
You have reached level 2!
You feel monstrous as your demonic heritage exerts itself.
Your demonic ancestry asserts itself...
Your feet thicken and deform.
You enter the shallow water.
Moving in this stuff is going to be slow.
You enter the shallow water.
Moving in this stuff is going to be slow.
There is a staircase leading out of the dungeon here.
Are you sure you want to leave the Dungeon?
This will make you lose the game!
You have escaped!

#.......#............#
#...............######
.#######....##########..#######
>..........8.~~~~~~~~##.......#
..........#.~~~.....~~#######.#
.########.#.~~..~~~..~# #.#
#.#.~..~~~~~..# #.#
#.+.~.~~...~~.### #.###
#.+.~..~@~..~.+.## #...#
#.#.~~...~~.~.+..######.#
#.#..~~~~~..~.##......#.#
#.#~..~~~..~~.###.....#..
#.#~~.....~~~.#.'....֠..
#.##~~~~~~~~.8..#.....###
#.###########.#.#........ #.#
#####...#.######.
#.#######.........[##....


There were no monsters in sight!

Vanquished Creatures
  A dart slug (D:1)
  An endoplasm (D:1)
  A giant cockroach (D:1)
  A ball python (D:1)
  2 bats (D:1)
  A kobold (D:1)
  2 rats (D:1)
9 creatures vanquished.

Notes
Turn   | Place    | Note
-------+----------+-------------------------------------------
     0 | D:1      | Ashen the Demonspawn Ice Elementalist began the quest for
                  | the Orb.
     0 | D:1      | Reached XP level 1. HP: 13/13 MP: 3/3
   356 | D:1      | Discovered your monstrous ancestry.
   356 | D:1      | Gained mutation: You have large cloven feet. [demonic
                  | ancestry]
   356 | D:1      | Reached XP level 2. HP: 14/20 MP: 3/5
   398 | D:$      | Got out of the dungeon alive.

Illustrated notes

Levels and vault maps discovered:
D:1:      psy_arrival_whirlpool, layout_basic,
          hellmonk_ecumenical_altar_watching_god

Action                   || total
-------------------------++-------
Melee: Short sword       ||    12
       Unarmed           ||     1
 Cast: Freeze            ||     5
 Stab: Sleeping          ||     5
Armor: Robe              ||     5
Dodge: Dodged            ||    11
